[Event "*** Titled Tuesday Blitz"]
[Site "Chess.com"]
[Date "2020.10.20"]
[Round "1"]
[White "exoticprincess"]
[Black "ErikRonka"]
[Result "1-0"]
[WhiteElo "2862"]
[BlackElo "2426"]
[TimeControl "180+1"]
[EndTime "10:05:57 PDT"]
[Termination "exoticprincess won by resignation"]

1. b3 e5 2. Bb2 Nc6 3. Nf3 e4 4. Nd4 Nf6 5. e3 Nxd4 6. Bxd4 Be7 7. c4 O-O 8. Nc3 d6 9. Rc1 Bf5 10. Be2 Re8 11. g4 Bg6 12. h4 h6 13. g5 hxg5 14.
hxg5 Nh7 15. Bh5 Bxg5 16. Bxg6 fxg6 17. Qg4 c5 18. Nxe4 cxd4 19. Ke2 d5 20. Nc5 dxe3 21. fxe3 d4 22. Ne4 Qe7 23. d3 Bxe3 24. Qxg6 Nf6 25. Rcf1 Rf8 26. Kd1 Qb4 27. Rxf6 Rxf6 28. Nxf6+ Kf8 29.
Rh8+ Ke7 30. Nd5+ 1-0

[Event "*** Titled Tuesday Blitz"]
[Site "Chess.com"]
[Date "2020.10.20"]
[Round "1"]
[White "pfalcon1949"]
[Black "Koalaskakistis"]
[Result "0-1"]
[WhiteElo "1990"]
[BlackElo "2467"]
[TimeControl "180+1"]
[EndTime "10:05:58 PDT"]
[Termination "Koalaskakistis won by resignation"]

1. c4 f5 2. Nc3 Nf6 3. g3 e5 4.
Bg2 g6 5. d3 Bg7 6. e4 fxe4 7.
dxe4 O-O 8. Nge2 Nc6 9. O-O d6 10. Bg5 h6 11. Bxf6 Qxf6 12. Nd5 Qf7 13. Nec3 Nd4 14. Rc1 c6 15. Ne3 h5 16. h4 Bh6 17.
Qd3 Be6 18. b3 Qe7 19. Qd1 Rf7 20. Nc2 Bxc1 21. Qxc1 Nf3+ 22. Bxf3 Rxf3 23. Ne1 Rf6 24. Qh6 Raf8 25. Ng2 Qg7 26. Qe3 Rf3 27. Qd2 Bh3 28. Nd1 Qf6 29. Nde3 g5 30. hxg5 Qxg5 31. Qxd6 h4 32. Nxh4 Rxe3 33. Qg6+ Qxg6 34. Nxg6 Rxg3+ 0-1

[Event "*** Titled Tuesday Blitz"]
[Site "Chess.com"]
[Date "2020.10.20"]
[Round "1"]
[White "cassoulet"]
[Black "MateusViageiro"]
[Result "1-0"]
[WhiteElo "2703"]
[BlackElo "2349"]
[TimeControl "180+1"]
[EndTime "10:05:59 PDT"]
[Termination "cassoulet won by checkmate"]

1. e4 c5 2. Nf3 d6 3. d4 cxd4 4. Nxd4 Nf6 5. Nc3 a6 6. g3 e5 7.
Nde2 Be6 8. Bg2 Be7 9. h3 O-O 10.
g4 b5 11. Ng3 b4 12. Nd5 Bxd5 13. exd5 Re8 14. Be3 Bf8 15. O-O a5 16. a3 Na6 17.
axb4 axb4 18. g5 Nd7 19. Qg4 Ndc5 20. h4 Qc8 21. Qe2 Qb7 22. h5 b3 23. c3 Qd7 24.
Ra3 Nc7 25. Rxa8 Nxa8 26. Ra1 Qc7 27. Kh2 Nb6 28. g6 fxg6 29. hxg6 hxg6 30. Qg4 Qc8 31. Qxg6 Nc4 32. Bxc5 dxc5 33. d6 Nb6 34. Bh3 Qc6 35.
Be6+ Kh8 36. Qh5# 1-0

[Event "*** Titled Tuesday Blitz"]
[Site "Chess.com"]
[Date "2020.10.20"]
[Round "1"]
[White "FredyMatsuura"]
[Black "rururkowiec"]
[Result "1-0"]
[WhiteElo "2382"]
[BlackElo "2716"]
[TimeControl "180+1"]
[EndTime "10:06:00 PDT"]
[Termination "FredyMatsuura won by resignation"]

1. d4 Nf6 2. c4 e6 3. Nf3 d5 4. Nc3 Be7 5. Bg5 O-O 6. Qc2 Nbd7 7. e3 c6 8. Rc1 h6 9. Bh4 a6 10. a3 b5 11. cxd5 cxd5 12. Bd3 Bb7 13. O-O Rc8 14.
Qe2 Ne4 15. Bxe7 Qxe7 16. Bxe4 dxe4 17. Nd2 f5 18. Rfd1 Nf6 19. Nb3 f4 20. exf4 Nd5 21.
g3 Nxc3 22. bxc3 g5 23. fxg5 hxg5 24. Nc5 Bd5 25. Qg4 e3 26. fxe3 Bf3 27. Qxe6+ Qxe6 28. Nxe6 Rf6 29. Rf1 g4 30. Ng5 Re8 31. Nxf3 gxf3 32.
Kf2 Ref8 33. e4 Rh6 34. h4 Rg6 35. e5 Rg4 36. Ke3 Rxg3 37. Rg1 Rxg1 38. Rxg1+ Kf7 39.
Rf1 Ke6 40. Rxf3 Rc8 41. Rf6+ Kd5 42. Kd3 1-0

[Event "*** Titled Tuesday Blitz"]
[Site "Chess.com"]
[Date "2020.10.20"]
[Round "1"]
[White "tan275"]
[Black "Malev212"]
[Result "0-1"]
[WhiteElo "2180"]
[BlackElo "2524"]
[TimeControl "180+1"]
[EndTime "10:06:00 PDT"]
[Termination "Malev212 won on time"]

1. d4 Nf6 2. c4 g6 3. g3 Bg7 4. Bg2 O-O 5. Nc3 d6 6. Nf3 c6 7. O-O Qa5 8. e4 e5 9. d5 cxd5 10.
cxd5 b5 11. Bg5 b4 12. Bxf6 Bxf6 13. Ne2 Nd7 14. Qd2 Qb6 15. Qh6 Bg7 16. Qd2 Nc5 17. Ne1 Ba6 18. Nc2 f5 19. Rae1 Rab8 20. exf5 gxf5 21.
Nc1 Bxf1 22. Rxf1 b3 23. axb3 Nxb3 24. Qg5 Nxc1 25. Rxc1 Qxb2 26. Ne1 e4 27. Rc7 Rb7 28. Qe7 Rxc7 29. Qxc7 Bd4 30. Nc2 Bc5 31. Ne3 Qc1+ 32. Bf1 Bxe3 33. fxe3 Qxc7 0-1

[Event "*** Titled Tuesday Blitz"]
[Site "Chess.com"]
[Date "2020.10.20"]
[Round "1"]
[White "HrvojeZagreb"]
[Black "Heineccius"]
[Result "0-1"]
[WhiteElo "2203"]
[BlackElo "2532"]
[TimeControl "180+1"]
[EndTime "10:06:04 PDT"]
[Termination "Heineccius won by resignation"]

1. d4 Nf6 2. Bf4 e6 3. e3 d5 4. Nf3 Bd6 5. Bg3 O-O 6. Bd3 c5 7.
c3 Nc6 8. Nbd2 b6 9. e4 Be7 10. e5 Nh5 11. O-O a5 12. Qe2 c4 13.
Bc2 b5 14. Ne1 g6 15. Qe3 b4 16.
f4 Ng7 17. Nef3 a4 18. a3 bxc3 19. bxc3 Bd7 20. Ng5 f6 21. exf6 Bxf6 22. Rae1 Re8 23. Ndf3 Nf5 24. Ne5 Nxe3 0-1

[Event "*** Titled Tuesday Blitz"]
[Site "Chess.com"]
[Date "2020.10.20"]
[Round "1"]
[White "mishanick"]
[Black "smshk35"]
[Result "1-0"]
[WhiteElo "2986"]
[BlackElo "2451"]
[TimeControl "180+1"]
[EndTime "10:06:05 PDT"]
[Termination "mishanick won by resignation"]

1. d4 Nf6 2. c4 b6 3. f3 d5 4. cxd5 Nxd5 5. e4 Nf6 6. Nc3 e6 7. Be3 Bb7 8. Bb5+ c6 9. Bd3 c5 10. Nge2 cxd4 11. Nxd4 Bc5 12. Bb5+ Nbd7 13. Qd2 O-O 14. Rd1 a6 15. Bxd7 Qxd7 16. Nb3 Bxe3 17. Qxe3 Qe7 18. Qxb6 Rab8 19. Qd6 Qxd6 20. Rxd6 Rfd8 21.
Rxd8+ Rxd8 22. Ke2 Bc6 23. Rc1 Kf8 24. Na5 Be8 25. a3 Nd7 26. b4 Nb6 27. Nb7 Rc8 28. Nc5 Bb5+ 29. Nxb5 axb5 30. Kd3 Nc4 31. a4 Nb2+ 32.
Ke2 bxa4 33. Nxe6+ Ke7 34. Rxc8 fxe6 35. Kd2 a3 36. Kc2 Na4 37. Ra8 a2 38. Rxa4 1-0

[Event "*** Titled Tuesday Blitz"]
[Site "Chess.com"]
[Date "2020.10.20"]
[Round "1"]
[White "brunomorado"]
[Black "EvgenyRomanov"]
[Result "1/2-1/2"]
[WhiteElo "2307"]
[BlackElo "2617"]
[TimeControl "180+1"]
[EndTime "10:06:05 PDT"]
[Termination "Game drawn by repetition"]

1. d4 d5 2. Nc3 e6 3. e4 Bb4 4. Ne2 dxe4 5. a3 Be7 6. Nxe4 Nc6 7.
g3 Nf6 8. Bg2 O-O 9. O-O e5 10.
Nxf6+ Bxf6 11. d5 Nd4 12. Be3 Bg4 13. f3 Nxe2+ 14. Qxe2 Bf5 15. Rad1 Re8 16. Rfe1 Qd7 17. Qd2 h6 18. c3 a5 19. f4 Rad8 20. fxe5 Bxe5 21.
Bf4 Qd6 22. Bxe5 Rxe5 23. Rxe5 Qxe5 24. Re1 Qd6 25. Qf2 Bg6 26. Re3 c6 27. c4 cxd5 28. Bxd5 b5 29. Qe2 bxc4 30. Bxc4 Qc5 31. Kg2 Bh5 32. Re8+ Rxe8 33. Qxe8+ Kh7 34. Bd3+ Bg6 35. Bxg6+ Kxg6 36. Qe4+ f5 37. Qe6+ Kh7 38. b4 axb4 39. axb4 Qxb4 40. Qxf5+ Kg8 41. Qe6+ Kh7 42. Qf5+ Kg8 43.
Qe6+ Kh7 44. Qf5+ 1/2-1/2

[Event "*** Titled Tuesday Blitz"]
[Site "Chess.com"]
[Date "2020.10.20"]
[Round "1"]
[White "indfraeng"]
[Black "Pultis"]
[Result "0-1"]
[WhiteElo "2333"]
[BlackElo "2671"]
[TimeControl "180+1"]
[EndTime "10:06:06 PDT"]
[Termination "Pultis won by checkmate"]

1. d4 Nf6 2. c4 c6 3. g3 d5 4. Bg2 dxc4 5. Nf3 Bf5 6. O-O Nbd7 7. Nbd2 Nb6 8. Re1 e6 9. e4 Bg6 10. h3 Bb4 11. Qc2 O-O 12. Nxc4 Nxc4 13. Qxc4 Bxe1 14.
Nxe1 Bxe4 15. Bg5 Bxg2 16. Nxg2 h6 17. Be3 Nd5 18. Nf4 Nxe3 19. fxe3 e5 20. dxe5 Qg5 21.
Kf2 Qxe5 22. Re1 Qxb2+ 23. Re2 Qb5 24. Qc3 Rad8 25. g4 Rfe8 26. Nh5 Qe5 27. Qxe5 Rxe5 28. Kf3 Rd3 29. Nf4 Ra3 30. Rb2 b6 31. Ng2 Rea5 32. Rd2 Rxa2 33. Rd8+ Kh7 34. Rd7 c5 35. Nf4 c4 36.
Rxf7 c3 37. Nh5 Rxh5 38. gxh5 c2 39. Rc7 b5 40. Ke2 b4 41. Kd2 b3 42. Rb7 Ra1 43. Rc7 Rd1+ 44. Ke2 c1=Q 45. Rxa7 Re1+ 46. Kf3 Qxe3+ 47. Kg4 Rg1+ 48. Kh4 Qg5# 0-1

[Event "*** Titled Tuesday Blitz"]
[Site "Chess.com"]
[Date "2020.10.20"]
[Round "1"]
[White "Matols"]
[Black "arminmusovic"]
[Result "0-1"]
[WhiteElo "2238"]
[BlackElo "2563"]
[TimeControl "180+1"]
[EndTime "10:06:06 PDT"]
[Termination "arminmusovic won by resignation"]

1. d4 d5 2. c4 c5 3. Nf3 Nf6 4. cxd5 cxd4 5. Qa4+ Qd7 6. Qxd4 Qxd5 7. Nc3 Qxd4 8. Nxd4 a6 9. g3 e5 10. Nb3 Nc6 11.
Bg2 Be6 12. O-O O-O-O 13. h3 Bb4 14. Be3 Bxb3 15. axb3 Nd4 16. Ra4 a5 17. Bxd4 exd4 18. Nb5 Rhe8 19. Rc1+ Kb8 20. Kf1 Re5 21. Na3 b5 22. Rxb4 axb4 23. Nc2 Rc5 24. Ke1 d3 25. exd3 Rxd3 26. Rd1 Rxb3 27. Ne3 Rxb2 28. Rd8+ Kc7 29. Rf8 Rc1+ 30. Nd1 Nd7 31. Rxf7 Kd6 32. Rxg7 Ne5 33. Rxh7 Nd3+ 0-1

[Event "*** Titled Tuesday Blitz"]
[Site "Chess.com"]
[Date "2020.10.20"]
[Round "1"]
[White "SamuelGhimpu2003"]
[Black "VladaSviridova"]
[Result "1-0"]
[WhiteElo "2577"]
[BlackElo "2257"]
[TimeControl "180+1"]
[EndTime "10:06:07 PDT"]
[Termination "SamuelGhimpu2003 won by resignation"]

1. d4 d5 2. Nc3 Nf6 3. Bf4 a6 4. e3 c5 5. dxc5 Nc6 6. a3 e5 7.
Bg5 Be6 8. Na4 h6 9. Bh4 Bxc5 10. Nxc5 Qa5+ 11. b4 Nxb4 12. axb4 Qxb4+ 13. Qd2 Qxc5 14. Bxf6 gxf6 15. Nf3 Rg8 16. g3 Rc8 17. Rc1 Bf5 18.
c3 Be4 19. Be2 b5 20. O-O h5 21. Ra1 Rc6 22. Rfc1 Bxf3 23. Bxf3 e4 24. Bxh5 f5 25. Qd4 Qxd4 26. cxd4 Rxc1+ 27. Rxc1 Ke7 28. Rc7+ Kd6 29. Ra7 Rb8 30. Rxa6+ Kc7 31. Bxf7 b4 32. Bxd5 b3 33. Ra1 b2 34. Rb1 Kd6 35. Ba2 Rb4 36. Kg2 Ke7 37. h4 Kf6 38. Kf1 Ke7 39. Ke2 1-0

[Event "*** Titled Tuesday Blitz"]
[Site "Chess.com"]
[Date "2020.10.20"]
[Round "1"]
[White "Grineva_Marianna"]
[Black "capatl"]
[Result "1-0"]
[WhiteElo "2259"]
[BlackElo "2550"]
[TimeControl "180+1"]
[EndTime "10:06:07 PDT"]
[Termination "Grineva_Marianna won by resignation"]

1. e4 c5 2. Nf3 e6 3. d4 cxd4 4. Nxd4 a6 5. Bd3 d6 6. O-O Nd7 7. c4 Ngf6 8. b3 Nc5 9. Re1 Nxd3 10. Qxd3 Be7 11. Bb2 O-O 12. Nd2 Qc7 13. Rad1 Rb8 14. Qg3 b5 15. cxb5 axb5 16. Rc1 Qa5 17. Nc6 Qxd2 18.
Bc3 Qxa2 19. Nxe7+ Kh8 20. Bxf6 gxf6 21. Qxd6 Bb7 22. Qf4 Qb2 23. e5 f5 24. Qh6 f6 25.
Ng6+ Kg8 26. Nxf8 Rxf8 27. Rc7 Rf7 28. Rxf7 Kxf7 29. Qxh7+ Kf8 30. Qxb7 fxe5 31. Qxb5 Qc3 32. Qxe5 Qxb3 33. Qxe6 Qc3 34. Qxf5+ Kg7 35. Qe5+ Kg6 36. Qxc3 1-0

[Event "*** Titled Tuesday Blitz"]
[Site "Chess.com"]
[Date "2020.10.20"]
[Round "1"]
[White "AccioChess"]
[Black "jamalm2"]
[Result "1-0"]
[WhiteElo "2458"]
[BlackElo "1817"]
[TimeControl "180+1"]
[EndTime "10:06:07 PDT"]
[Termination "AccioChess won on time"]

1. Nf3 Nf6 2. g3 e6 3. Bg2 Be7 4. O-O O-O 5. d4 b6 6. Ne5 d5 7. c4 Bb7 8. Nc3 Nbd7 9. Bf4 Nxe5 10. dxe5 Ne4 11. Qc2 Nxc3 12. bxc3 c6 13. Rfd1 Qc8 14. Qa4 Ba6 15. cxd5 exd5 16. Rac1 Bc4 17. e4 b5 18. Qc2 dxe4 19. Bxe4 Qa6 20. Bxh7+ Kh8 21. Qf5 Qc8 22. Qh5 Be2 23. Qxe2 Kxh7 24. Rd4 Kg8 25. Rcd1 Qe6 26. c4 Bc5 27. Re4 Rad8 28. Rc1 bxc4 29. Qxc4 Rd5 30. Kg2 Rfd8 31. Re2 1-0

[Event "*** Titled Tuesday Blitz"]
[Site "Chess.com"]
[Date "2020.10.20"]
[Round "1"]
[White "Fischerev7"]
[Black "AlexTriapishko"]
[Result "0-1"]
[WhiteElo "2406"]
[BlackElo "2818"]
[TimeControl "180+1"]
[EndTime "10:06:08 PDT"]
[Termination "AlexTriapishko won by resignation"]

1. e4 c6 2. d4 d5 3. exd5 cxd5 4. c4 Nf6 5. Nc3 Nc6 6. Nf3 Bg4 7. cxd5 Nxd5 8.
Qb3 Bxf3 9. gxf3 Nb6 10. d5 Nd4 11. Qd1 e5 12. dxe6 fxe6 13. Be3 Bc5 14. Bd3 O-O 15.
f4 Nd5 16. Bxd4 Bxd4 17. Bxh7+ Kxh7 18. Qxd4 Nxf4 19. O-O-O Qxd4 20. Rxd4 Rf7 21. Re1 g5 22. Kb1 Kg6 23. Ne4 Rh8 24. Nc5 Re7 25. Rg1 Ne2 26.
Rgd1 Nxd4 27. Rxd4 Rxh2 28. f4 g4 29. Re4 g3 30.
Nxe6 Rh1+ 31. Kc2 g2 32. f5+ Kf6 33. Rg4 g1=Q 34. Rxg1 Rxg1 0-1

[Event "*** Titled Tuesday Blitz"]
[Site "Chess.com"]
[Date "2020.10.20"]
[Round "1"]
[White "MasterSonnevanck23"]
[Black "TorFredrikKaasen"]
[Result "0-1"]
[WhiteElo "2352"]
[BlackElo "2708"]
[TimeControl "180+1"]
[EndTime "10:06:08 PDT"]
[Termination "TorFredrikKaasen won by resignation"]

1. Nf3 d5 2. e3 Nf6 3. c4 e6 4. Nc3 Be7 5. d4 O-O 6. b3 b6 7. Bd3 Bb7 8. O-O dxc4 9. bxc4 c5 10. Bb2 cxd4 11. exd4 Nc6 12. d5 Nb4 13. Bb1 exd5 14.
a3 Na6 15. cxd5 Rc8 16. Ng5 h6 17. Nge4 Nc5 18. Nxf6+ Bxf6 19. Qf3 Nb3 20. Ra2 Re8 21. Bf5 Nd4 22. Qh3 Nxf5 23. Qxf5 Bxc3 24. Bxc3 Rxc3 25. Rd2 Rc5 0-1

[Event "*** Titled Tuesday Blitz"]
[Site "Chess.com"]
[Date "2020.10.20"]
[Round "1"]
[White "nikitakhoroshev"]
[Black "Deepweb2020"]
[Result "1-0"]
[WhiteElo "2557"]
[BlackElo "2229"]
[TimeControl "180+1"]
[EndTime "10:06:08 PDT"]
[Termination "nikitakhoroshev won by resignation"]

1. d4 Nf6 2. c4 e6 3. Nc3 Bb4 4. e3 b6 5. Ne2 Bb7 6. a3 Bxc3+ 7. Nxc3 Ne4 8. Nxe4 Bxe4 9. f3 Bb7 10. e4 d5 11.
cxd5 exd5 12. e5 c5 13. Bb5+ Nc6 14. Be3 c4 15. O-O a6 16. Ba4 b5 17. Bc2 Ne7 18. f4 g6 19. Bf2 Qd7 20. Bh4 Nf5 21. Bf6 Rg8 22. Qd2 h5 23. a4 Qc6 24. axb5 axb5 25.
Rxa8+ Bxa8 26. Ra1 Kd7 27. Ra7+ Bb7 28. Bxf5+ Kc7 29.
Qa5+ Qb6 30. Bc2 Qxa5 31. Rxa5 Kb6 32. Ra1 b4 33. Be7 b3 34. Bd1 Ra8 35. Rxa8 Bxa8 36.
Bb4 Bc6 37. Kf2 Bd7 38. Bc3 Kb5 39. Kg3 Kc6 40. Kh4 Kc7 41. Kg5 Kd8 42. Kf6 Ke8 43. h3 Bf5 44. g4 hxg4 45. hxg4 Bd3 46. f5 gxf5 47. gxf5 Bf1 48. Bh5 1-0

[Event "*** Titled Tuesday Blitz"]
[Site "Chess.com"]
[Date "2020.10.20"]
[Round "1"]
[White "enriquetejedor"]
[Black "PSvidler"]
[Result "1/2-1/2"]
[WhiteElo "2456"]
[BlackElo "2888"]
[TimeControl "180+1"]
[EndTime "10:06:09 PDT"]
[Termination "Game drawn by repetition"]

1. e4 c5 2. Nf3 e6 3. d4 cxd4 4.
Nxd4 Nc6 5. Nc3 a6 6. Nxc6 bxc6 7. Bd3 d5 8. O-O Qc7 9. b3 Bd6 10. h3 Ne7 11. Bb2 O-O 12. Na4 Ng6 13. c4 Rb8 14. cxd5 cxd5 15. exd5 exd5 16. Bxg6 hxg6 17. Qd4 f6 18.
Qxd5+ Rf7 19. Rac1 Bb7 20. Rxc7 Bxd5 21. Rxf7 Bxf7 22.
Rd1 Rd8 23. Kf1 Be8 24. Nc3 Kf7 25. f3 Be7 26. Rxd8 Bxd8 27. Ne2 g5 28. Kf2 Bb5 29. Bd4 g6 30. Ke3 f5 31. a4 Bd7 32. Nc3 Be7 33. Nd5 Bd6 34. Bb6 g4 35. hxg4 fxg4 36. fxg4 Bxg4 37.
Bc7 Bc5+ 38. Kf4 Bd1 39. b4 Bg1 40. b5 axb5 41. axb5 Ke6 42. b6 Kxd5 43. b7 Ba7 44. b8=Q Bxb8 45. Bxb8 Ke6 46. Kg5 Kf7 47. Bc7 Be2 48. g3 Bd1 49. Bf4 Be2 50. Be5 Bd1 51. Bf4 Be2 52. Be3 Bd1 53. Bf4 1/2-1/2

[Event "*** Titled Tuesday Blitz"]
[Site "Chess.com"]
[Date "2020.10.20"]
[Round "1"]
[White "plumalka"]
[Black "VerdeNotte"]
[Result "0-1"]
[WhiteElo "2420"]
[BlackElo "2847"]
[TimeControl "180+1"]
[EndTime "10:06:10 PDT"]
[Termination "VerdeNotte won by resignation"]

1. e4 e5 2. Nf3 Nc6 3. Nc3 g6 4. d4 exd4 5. Nxd4 Bg7 6. Nde2 Nf6 7. g3 d6 8. Bg2 O-O 9. O-O Re8 10. Bg5 h6 11.
Bxf6 Bxf6 12. Qd2 h5 13. Nf4 Ne5 14. Nfd5 Bg7 15. Rae1 Nc4 16. Qc1 c6 17. Ne3 Be6 18. b3 Bxc3 19. bxc4 Bxe1 20. Qxe1 Qb6 21. Qc3 a5 22. a3 Qc5 23. Kh1 b5 24. f4 b4 25.
axb4 axb4 26. Qd2 Bxc4 27. Nxc4 Qxc4 28. f5 Qc3 29. Qg5 Ra5 30. g4 hxg4 31. Qxg4 Qg7 32. Qd1 Qf6 33. Bh3 g5 34. Qg4 Ra1 35. Rxa1 Qxa1+ 36. Kg2 Qc1 37. Qe2 Qf4 38. Qh5 Qxe4+ 0-1

[Event "*** Titled Tuesday Blitz"]
[Site "Chess.com"]
[Date "2020.10.20"]
[Round "1"]
[White "GiorgianBarbosa"]
[Black "manitodeplomo"]
[Result "0-1"]
[WhiteElo "2336"]
[BlackElo "2680"]
[TimeControl "180+1"]
[EndTime "10:06:13 PDT"]
[Termination "manitodeplomo won by resignation"]

1. c4 g6 2. g3 Bg7 3. Bg2 e6 4. Nc3 Ne7 5. d4 d5 6. cxd5 exd5 7. Bg5 c6 8. Qd2 h6 9. Bf4 Nf5 10. Be5 f6 11. Bf4 g5 12. Be3 O-O 13. O-O-O Re8 14.
h4 Qe7 15. Bh3 Nxe3 16. fxe3 Bxh3 17. Nxh3 Qxe3 18. Qxe3 Rxe3 19. Rhg1 Nd7 20. Nf2 Rae8 21. Ng4 R3e6 22. Rdf1 Kh7 23. h5 Nb6 24. b3 Nc8 25. e4 dxe4 26. d5 cxd5 27. Nxd5 Rf8 28. Nde3 Nd6 29.
Nf5 Nxf5 30. Rxf5 e3 31. Kd1 e2+ 32. Ke1 Rd8 33. Kf2 Rd4 34. Ne3 Rde4 35. Ng2 Bf8 36. Re1 Bb4 37. Rf3 Bxe1+ 38. Kxe1 Rd6 39. Kf2 e1=Q+ 40.
Nxe1 Rd2+ 41. Kf1 Rd1 0-1

[Event "*** Titled Tuesday Blitz"]
[Site "Chess.com"]
[Date "2020.10.20"]
[Round "1"]
[White "joppie2"]
[Black "mjray79"]
[Result "1-0"]
[WhiteElo "2874"]
[BlackElo "2429"]
[TimeControl "180+1"]
[EndTime "10:06:14 PDT"]
[Termination "joppie2 won by resignation"]

1. e4 e5 2. Nf3 Nc6 3. c3 Nf6 4.
d4 exd4 5. e5 Nd5 6. cxd4 d6 7.
Bc4 Nb6 8. Bb5 Bd7 9. exd6 Bxd6 10. O-O O-O 11. Nc3 a6 12. Be2 Bg4 13. h3 Bf5 14. d5 Ne7 15. Bg5 f6 16. Be3 Kh8 17. Nd4 Bd7 18. Bf3 Qc8 19. Re1 Nc4 20. Ne6 Rg8 21. Bd4 Nxb2 22. Qc2 Nc4 23. Re4 Ne5 24. Bxe5 Bxe5 25. Rh4 g6 26. Nc5 Bf5 27. Qb3 g5 28. Rc4 b5 29. Rb4 Ng6 30. Ne6 Re8 31. Bg4 Bxg4 32.
hxg4 Nf4 33. Nxf4 Bxf4 34. g3 Bd6 35. Re4 Rxe4 36. Nxe4 Qxg4 37. Nxf6 Qf5 38. Nh5 Rf8 39. Rf1 Be5 40. Qb4 g4 41. Qe7 Rg8 42. Re1 Bd6 43. Qh4 Qg5 44. Qh2 Rf8 45. Rd1 Bc5 46. Rf1 Qxd5 47. Nf4 Qf3 48. Ng6+ Kg7 49. Nxf8 Qxf8 50.
Qh4 Qf3 51. Qg5+ 1-0

[Event "*** Titled Tuesday Blitz"]
[Site "Chess.com"]
[Date "2020.10.20"]
[Round "1"]
[White "davidkalashian"]
[Black "gumimis"]
[Result "1-0"]
[WhiteElo "2605"]
[BlackElo "2283"]
[TimeControl "180+1"]
[EndTime "10:06:15 PDT"]
[Termination "davidkalashian won by checkmate"]

1. d4 Nf6 2. c4 g6 3. Nc3 Bg7 4. e4 O-O 5. Be2 d6 6. Bg5 h6 7. Be3 e5 8. d5 a5 9. g4 Na6 10. f3 c6 11. Qd2 cxd5 12. cxd5 Kh7 13. h4 Ne8 14. h5 g5 15. Nh3 f6 16. Nf2 Rf7 17. O-O b6 18. Rac1 Nec7 19. Nb5 Nxb5 20.
Bxb5 Bb7 21. a3 Nc5 22. Rc3 Rc7 23. b4 axb4 24. axb4 Na6 25. Bxb6 Rac8 26. Bxc7 Rxc7 27. Rfc1 Rxc3 28. Qxc3 Qb6 29. Bd7 Bf8 30. Bc8 Bxc8 31.
Qxc8 Bg7 32. Qf5+ Kg8 33. Rc8+ Bf8 34. Qg6+ Kh8 35. Rxf8# 1-0

[Event "*** Titled Tuesday Blitz"]
[Site "Chess.com"]
[Date "2020.10.20"]
[Round "1"]
[White "BigAl"]
[Black "shriyanasmallya"]
[Result "1-0"]
[WhiteElo "2456"]
[BlackElo "1642"]
[TimeControl "180+1"]
[EndTime "10:06:16 PDT"]
[Termination "BigAl won by checkmate"]

1. e4 e5 2. Bc4 Nc6 3. d3 Nf6 4. Nf3 Bc5 5. c3 d6 6. Bb3 O-O 7. Nbd2 Be6 8. Bc2 d5 9. Qe2 dxe4 10. dxe4 Ng4 11. O-O Nf6 12. b4 Bb6 13. Nc4 Bxc4 14.
Qxc4 Qe7 15. a4 a6 16. Ba3 Na7 17. b5 c5 18. bxc6 Qe6 19. Qxe6 fxe6 20. cxb7 Rab8 21. Bxf8 Kxf8 22. Rab1 Bc7 23. Rfd1 Ke7 24. h3 h6 25. Bd3 g5 26. Bxa6 Nc6 27. Re1 Ba5 28. Rb3 Bc7 29.
Nd2 Rd8 30. Nc4 Rb8 31. f3 Na5 32. Nxa5 Bxa5 33. Kf1 Nd7 34. Rb5 Bxc3 35. Rd1 Bd4 36. Rc1 Nc5 37. Rcxc5 Bxc5 38. Rxc5 Kd7 39. Rc8 g4 40.
hxg4 h5 41. Rxb8 Kc7 42. Rh8 Kb6 43. b8=Q+ Kxa6 44. Rh7 Ka5 45. Ra7# 1-0

[Event "*** Titled Tuesday Blitz"]
[Site "Chess.com"]
[Date "2020.10.20"]
[Round "1"]
[White "ajgreen"]
[Black "kuban1991"]
[Result "0-1"]
[WhiteElo "2399"]
[BlackElo "2806"]
[TimeControl "180+1"]
[EndTime "10:06:17 PDT"]
[Termination "kuban1991 won by resignation"]

1. e4 e6 2. d4 d5 3. Nc3 Bb4 4. e5 c5 5. Bd2 Nc6 6. Nb5 Bxd2+ 7. Qxd2 Nxd4 8. Nxd4 cxd4 9. f4 Ne7 10. Nf3 O-O 11. O-O-O Nc6 12. Nxd4 f6 13. exf6 Qxf6 14. g3 Bd7 15. Bg2 Rac8 16. Kb1 Be8 17. Rhe1 Nxd4 18. Qxd4 Bg6 19. Re2 Rc6 20. Qxf6 gxf6 21. Kc1 Rfc8 22. c3 b5 23. a3 a5 24. Rd4 h5 25. Bf3 Kg7 26. Kd2 Rb8 27. Ke1 Kf7 28. Kf2 Rc4 29.
Red2 Ke7 30. Kg2 Kd6 31. Kh3 Kc5 32. Kh4 b4 33. axb4+ axb4 34. Rxc4+ Kxc4 35. cxb4 Rxb4 36. Bxh5 Bxh5 37. Kxh5 e5 38. fxe5 fxe5 39. g4 e4 40.
g5 e3 41. Rg2 Kd3 42. g6 e2 43.
Rg1 Kd2 44. g7 Rb8 45. b4 d4 46. b5 e1=Q 47. Rxe1 Kxe1 48. Kg6 d3 49. Kf7 d2 0-1

[Event "*** Titled Tuesday Blitz"]
[Site "Chess.com"]
[Date "2020.10.20"]
[Round "1"]
[White "Abdimalik_Abdisalimov"]
[Black "scandalgod"]
[Result "1-0"]
[WhiteElo "2745"]
[BlackElo "2372"]
[TimeControl "180+1"]
[EndTime "10:06:17 PDT"]
[Termination "Abdimalik_Abdisalimov won by resignation"]

1. d4 d5 2. c4 c6 3. cxd5 cxd5 4. Bf4 Nc6 5. e3 Nf6 6. Nc3 a6 7. Bd3 Bg4 8. Qb3 Na5 9. Qc2 Rc8 10. Nge2 e6 11. O-O Bd6 12. Bxd6 Qxd6 13. Nb5 Rxc2 14. Nxd6+ Ke7 15. Bxc2 Bxe2 16. Rfe1 Bh5 17. b4 Kxd6 18.
bxa5 Rc8 19. Rec1 Rc3 20. Bb3 Ne4 21. f3 Rxc1+ 22. Rxc1 Nd2 23. Rd1 Nxb3 24. axb3 Bg6 25. Rc1 Kd7 26. Kf2 Bd3 27. h4 Bb5 28. h5 h6 29. g4 f6 30. Rc3 Bc6 31. Kg3 e5 32. f4 Ke6 33. Kh4 e4 34. Rc1 Ke7 35. g5 1-0

[Event "*** Titled Tuesday Blitz"]
[Site "Chess.com"]
[Date "2020.10.20"]
[Round "1"]
[White "TheBigBoss04"]
[Black "Ural_bogatyr"]
[Result "1/2-1/2"]
[WhiteElo "2733"]
[BlackElo "2379"]
[TimeControl "180+1"]
[EndTime "10:06:20 PDT"]
[Termination "Game drawn by repetition"]

1. c4 Nf6 2. Nc3 e6 3. Nf3 d5 4. d4 c6 5. Bg5 h6 6. Bxf6 Qxf6 7.
e3 g6 8. Be2 Bg7 9. O-O O-O 10. Rc1 Nd7 11. h3 dxc4 12. Bxc4 e5 13. d5 Nb6 14. Bb3 cxd5 15. Nxd5 Nxd5 16. Bxd5 Be6 17.
Qb3 Bxd5 18. Qxd5 Qb6 19. Nxe5 Qxb2 20. Nxg6 Rfd8 21. Ne7+ Kf8 22. Qe4 Re8 23. Rc7 Qe5 24.
Qxb7 Rab8 25. Qxa7 Ra8 26. Qb7 Rab8 27. Qa7 Ra8 28.
Qb7 Rab8 29. Qa7 1/2-1/2

[Event "*** Titled Tuesday Blitz"]
[Site "Chess.com"]
[Date "2020.10.20"]
[Round "1"]
[White "djano"]
[Black "teacher4chess"]
[Result "0-1"]
[WhiteElo "2460"]
[BlackElo "2045"]
[TimeControl "180+1"]
[EndTime "10:06:21 PDT"]
[Termination "teacher4chess won by resignation"]

1. d4 d5 2. Nf3 Nf6 3. Bf4 c6 4. e3 Bg4 5. Nbd2 e6 6. Bd3 Bd6 7. Bg3 O-O 8. c4 Bh5 9. Qc2 Bg6 10. Bxg6 hxg6 11. c5 Bc7 12. Ne5 Nbd7 13. f4 Nh5 14.
Bf2 Nxe5 15. fxe5 Qg5 16. O-O f6 17. Nf3 Qh6 18. g4 fxe5 19. Nxe5 Nf6 20. Qxg6 Bxe5 21. Qxh6 gxh6 22. dxe5 Nxg4 23. Bh4 Nxe3 24. Rf6 Rxf6 25. Bxf6 Ng4 26. Be7 Nxe5 27. Kh1 Kf7 28. Bd6 Nc4 29.
Rf1+ Kg7 30. Rg1+ Kh7 31. Be7 Re8 32. Bf6 Rg8 33. Re1 Rg6 34. Rxe6 Nd2 35. Re7+ Kg8 36. Be5 Ne4 37. h3 Nxc5 38. b4 Nd3 39. Rxb7 Nxe5 0-1

[Event "*** Titled Tuesday Blitz"]
[Site "Chess.com"]
[Date "2020.10.20"]
[Round "1"]
[White "Sjakkerntobi"]
[Black "TigrVShlyape"]
[Result "0-1"]
[WhiteElo "2428"]
[BlackElo "2872"]
[TimeControl "180+1"]
[EndTime "10:06:24 PDT"]
[Termination "TigrVShlyape won by resignation"]

1. e4 e5 2. Nf3 Nc6 3. Bb5 a6 4. Ba4 Nf6 5. O-O Be7 6. Re1 b5 7. Bb3 d6 8. a4 Bd7 9. d3 O-O 10. Nbd2 Na5 11. Ba2 c5 12. Nf1 Be6 13. Ne3 Qd7 14.
Nd5 Nxd5 15. exd5 Bf5 16. Bd2 b4 17. c3 bxc3 18. Bxc3 Nb7 19. b4 Bf6 20. bxc5 Nxc5 21. d4 Nxa4 22. Rc1 Nxc3 23. Rxc3 e4 24. Nd2 Bxd4 25.
Ra3 e3 26. fxe3 Bc5 27. Rc3 Rfe8 28. Kh1 a5 29. e4 Bg4 30. Qc2 Bb4 31. Rg3 Rac8 32.
Qd3 Rc3 33. Qd4 Rxg3 34. hxg3 Qe7 35. Re3 Qg5 36. Nf3 Qh6+ 37. Kg1 Bc5 0-1